 Dungeon Crawl Stone Soup version 0.30-b1-2-g02819fbbbe (webtiles) character file.

Game seed: 12396283635784669362

33 Alarkh the Sneak (level 3, 29/29 HPs)
             Began as a Demonspawn Delver on May 22, 2023.
             Got out of the dungeon alive.
             The game lasted 00:01:43 (1273 turns).

Alarkh the Sneak (Demonspawn Delver)                Turns: 1273, Time: 00:01:44

Health: 29/29      AC:  5    Str: 12    XL:     3   Next: 12%
Magic:  12/12      EV: 11    Int: 13    God:
Gold:   40         SH:  0    Dex: 14    Spells: 2/2 levels left

rFire   . .          .
                       - Unarmed
rCold   . . .        (no shield)
rNeg    . . .        a - +0 leather armour
rPois   .            (no helmet)
rElec   .            (no cloak)
rCorr   .            (no gloves)
SInv    .            (no boots)
Will    .....        (no amulet)
Stlth   ++           j - ring of flight
HPRegen 0.24/turn    m - ring of magical power
MPRegen 0.13/turn

%: no passive effects
@: flying
A: hooves 1, icy blue scales 1
a: no special abilities


You escaped.
You visited 1 branch of the dungeon, and saw 5 of its levels.

You collected 40 gold pieces.

Inventory:

Armour
 a - a +0 leather armour (worn)
 o - a +0 leather armour of positive energy
Magical Staves
 n - a staff of poison
Jewellery
 j - a ring of flight (left hand)
 m - a ring of magical power (right hand)
Wands
 f - a wand of digging (3)
Scrolls
 b - a scroll of fog
 c - a scroll of magic mapping
 d - a scroll of fear
 g - 2 scrolls of identify {unknown}
 l - a scroll of acquirement {unknown}
Potions
 e - a potion of haste
 h - a potion of mutation {unknown}
 i - a potion of curing {unknown}
 k - a potion of attraction {unknown}


   Skills:
 - Level 3.0 Fighting
 - Level 1.7 Dodging
 - Level 4.5 Stealth
 + Level 3.3 Unarmed Combat


You had 2 spell levels left.
You didn't know any spells.
Your spell library contained the following spells:

 Spells                   Type           Power      Damage    Failure   Level
 Portal Projectile        Hex/Tloc       0%         N/A       75%         3
 Tukima's Dance           Hex            0%         N/A       75%         3
 Blade Hands              Tmut           0%         N/A       100%        5


Dungeon Overview and Level Annotations

Branches:
Dungeon (5/15)
 Temple: D:4-7

Altars:
Dithmenos

Annotations:
D:4 exclusion: door, Dowan, Duvessa, Edmund, Menkaure


Innate Abilities, Weirdness & Mutations

You have large cloven feet.
You are partially covered in icy blue scales. (AC +2)


Message History

The adder is almost dead.
The adder bites you but does no damage.
You closely miss the adder. Your punch misses the adder.
The adder is almost dead.
The adder bites you.
You are poisoned.
The adder poisons you!
You hit the adder but do no damage.
The adder is almost dead.
You feel sick. The adder closely misses you.
The adder bites you but does no damage.
You barely miss the adder.
The adder is almost dead.
The adder bites you.
You hit the adder.
You kill the adder!
You feel sick.
You have reached level 3!
Your experience leads to an increase in your attributes!
Increase (S)trength, (I)ntelligence, or (D)exterity?
You feel clever. x2; Your demonic ancestry asserts itself...
Your feet thicken and deform.
You feel sick.
You feel sick.
You feel sick.
You are no longer poisoned.
You see here an adder corpse.
Found a stone staircase leading down.
An endoplasm comes into view.
(D) Dungeon
Where to? (Enter - D:2, ? - help)
You see here an adder corpse.
Things that are here:
a +0 rapier; 5 stones; a kobold corpse
There is a stone staircase leading up here.
You fly upwards.
There is a stone staircase leading down here.
There is a staircase leading out of the dungeon here.
Are you sure you want to leave the Dungeon?
This will make you lose the game!
You have escaped!

............#
...†###...#.#
##...†......#
#######.#.#.#
.....†...###.#
#######.## #..
#.## ###. #
##.## #>#####
# ##.###....@#
# ##.##.#####
# #...#'##.# #
#........#
#...##.###
###....#
#.#### #.#
##########.#


There were no monsters in sight!

Vanquished Creatures
  An adder (D:2)
  An orc (D:4)
  2 endoplasms
  A goblin (D:1)
  A hobgoblin (D:1)
  3 jackals (D:1)
  3 kobolds
  4 ball pythons
  2 bats (D:1)
  2 frilled lizards (D:1)
  3 rats
23 creatures vanquished.

Notes
Turn   | Place    | Note
-------+----------+-------------------------------------------
     0 | D:5      | Alarkh the Demonspawn Delver began the quest for the Orb.
     0 | D:5      | Reached XP level 1. HP: 18/18 MP: 1/1
    19 | D:5      | Found a shadowy altar of Dithmenos.
    89 | D:4      | Noticed Duvessa
    89 | D:4      | Noticed Dowan
   137 | D:4      | Noticed Edmund
   154 | D:4      | Noticed a water moccasin
   190 | D:4      | Noticed Menkaure
   660 | D:1      | Gained mutation: You are partially covered in icy blue
                  | scales. (AC +2) [demonic ancestry]
   660 | D:1      | Reached XP level 2. HP: 24/24 MP: 2/2
  1155 | D:2      | Gained mutation: You have large cloven feet. [demonic
                  | ancestry]
  1155 | D:2      | Reached XP level 3. HP: 20/29 MP: 3/3
  1273 | D:$      | Got out of the dungeon alive.

Illustrated notes

Levels and vault maps discovered:
D:1:      amcnicky_arrival_choice, layout_loops_ring,
          dreamdust_ecumenical_altar_statues, serial_glass, glass_columns_a,
          glass_columns_a, minmay_misc_feat_iff, minmay_lizard_pond
D:2:      layout_loops_ring
D:3:      layout_basic, yredelemnul_forgotten_temple_becter, uniq_robin,
          uniq_sigmund
D:4:      layout_basic, makhleb_blood_cavern_becter, uniq_menkaure,
          uniq_duvessa, uniq_grinder, uniq_edmund
D:5:      layout_rooms, zin_academy, nicolae_dithmenos_through_a_glass_darkly,
          gammafunk_ghost_nasty_kobolds

Skill      XL: |  1  2 |
---------------+-------+-----
Unarmed Combat | 2 3 |  3.3
Fighting       | |  3.0
Dodging        | |  1.7
Stealth        | |  4.5

Action                     || total
---------------------------++-------
  Melee: Unarmed           ||   123
         Punch             ||     1
   Stab: Sleeping          ||     6
 Armour: Leather armour    ||    33
  Dodge: Dodged            ||    76
